[Event "Lueneburger Schachfestival GM 2019"]
[Site "Lueneburg"]
[Date "2019.08.03"]
[Round "1.1"]
[White "Sriram, Jha"]
[Black "Reuker, Jari"]
[Result "1-0"]
[ECO "D02"]
[WhiteElo "2381"]
[BlackElo "2403"]
[Annotator "NA"]
[PlyCount "55"]
[EventDate "2019.08.02"]
[EventType "tourn"]
[EventCountry "GER"]
[SourceTitle "playchess.com"]
[Source "ChessBase"]
[SourceQuality "1"]
[TimeControl "40/5400+30:1800+30"]

1. Nf3 Nf6 2. g3 d5 3. Bg2 Bg4 4. O-O Nbd7 5. d4 e6 6. h3 Bh5 7. c4 c6 8. cxd5 exd5 9. Qb3 Qb6 10. Qe3+ Be7 11. Nh4 Bg6 12. Nc3 Kf8 13. Nxg6+ hxg6 14. Qd3 Kg8 15. Rb1 a5 16. Rd1 Qa6 17. Qc2 b5 18. e4 b4 19. exd5 bxc3 20. dxc6 Nb6 21. bxc3 Bd6 22. Bf1 Qa7 23. c4 Rc8 24. Bg2 Bf8 25. Qb3 Bb4 26. a3 Qa6 27. axb4 a4 28. b5 1-0

[Event "Lueneburger Schachfestival GM 2019"]
[Site "Lueneburg"]
[Date "2019.08.03"]
[Round "1.2"]
[White "Pajeken, Jakob Leon"]
[Black "Ovsejevitsch, Sergei"]
[Result "0-1"]
[ECO "A46"]
[WhiteElo "2314"]
[BlackElo "2590"]
[Annotator "ChessBase"]
[PlyCount "94"]
[EventDate "2019.08.02"]
[EventType "tourn"]
[EventCountry "GER"]
[SourceTitle "playchess.com"]
[Source "ChessBase"]
[SourceQuality "1"]
[TimeControl "40/5400+30:1800+30"]

1. d4 Nf6 2. Nf3 e6 3. Bf4 b5 4. e3 a6 5. c3 Bb7 6. Nbd2 Be7 7. h3 c5 8. a4 b4 9. Be2 O-O 10. Bh2 Nc6 11. O-O d5 12. dxc5 bxc3 13. bxc3 Bxc5 14. Rb1 Qe7 15. Nb3 Ba7 16. c4 Rfd8 17. Qc2 Rac8 18. Qb2 dxc4 19. Bxc4 Nb4 20. Ne5 Be4 21. Rbd1 Nfd5 22. Nd4 f6 23. Bxd5 Rxd5 24. Nef3 e5 25. Nb3 Rc2 26. Qb1 Qb7 27. Rxd5 Nxd5 28. Ne1 Nc3 29. Qa1 Qxb3 30. Nxc2 Qxc2 31. Kh1 Bxe3 32. f3 Bd3 33. Bg1 Bxf1 34. Qxf1 Qxa4 35. Bxe3 Qd1 36. Qxd1 Nxd1 37. Bd2 Kf7 38. Kg1 Ke6 39. Kf1 Kd5 40. Ke2 Nb2 41. Bc3 Nc4 42. Kd3 f5 43. g4 f4 44. h4 g6 45. Bb4 a5 46. Be7 a4 47. Kc3 Na5 0-1

[Event "Lueneburger Schachfestival GM 2019"]
[Site "Lueneburg"]
[Date "2019.08.03"]
[Round "1.4"]
[White "Wachinger, Nikolas"]
[Black "Vorobiov, Evgeny E."]
[Result "0-1"]
[ECO "B33"]
[WhiteElo "2318"]
[BlackElo "2578"]
[Annotator "ChessBase"]
[PlyCount "64"]
[EventDate "2019.08.02"]
[EventType "tourn"]
[EventCountry "GER"]
[SourceTitle "playchess.com"]
[Source "ChessBase"]
[SourceQuality "1"]
[TimeControl "40/5400+30:1800+30"]

1. e4 c5 2. Nf3 e6 3. d4 cxd4 4. Nxd4 Nc6 5. Nc3 Nf6 6. Ndb5 d6 7. Bf4 e5 8. Bg5 a6 9. Na3 b5 10. Nd5 Be7 11. Bxf6 Bxf6 12. c4 b4 13. Nc2 O-O 14. Qf3 Bg5 15. h4 Bh6 16. g4 f6 17. Bd3 a5 18. Qg3 Bf4 19. Nxf4 exf4 20. Qxf4 Ne5 21. Rh3 Bxg4 22. Rg3 Qc7 23. Nd4 Rae8 24. Kd2 Nxc4+ 25. Bxc4+ Qxc4 26. Rd3 f5 27. b3 Qc5 28. Rc1 fxe4 29. Qxg4 Rxf2+ 30. Ne2 exd3 31. Rxc5 dxe2 32. Qc4+ Kf8 0-1

[Event "Lueneburger Schachfestival GM 2019"]
[Site "Lueneburg"]
[Date "2019.08.03"]
[Round "1.5"]
[White "Korley, Kassa"]
[Black "Polster, Christian"]
[Result "0-1"]
[ECO "B07"]
[WhiteElo "2437"]
[BlackElo "2254"]
[Annotator "NA"]
[PlyCount "102"]
[EventDate "2019.08.02"]
[EventType "tourn"]
[EventCountry "GER"]
[SourceTitle "playchess.com"]
[Source "ChessBase"]
[SourceQuality "1"]
[TimeControl "40/5400+30:1800+30"]

1. d4 Nf6 2. Nf3 d6 3. g3 g6 4. Bg2 Bg7 5. O-O O-O 6. Re1 Nbd7 7. e4 e5 8. Nc3 c6 9. a4 a5 10. h3 Qc7 11. Be3 Re8 12. d5 Nc5 13. Nd2 Bd7 14. Bxc5 dxc5 15. Nc4 Red8 16. Qe2 Ne8 17. Rad1 Bf8 18. Qf1 f6 19. f4 Nd6 20. dxc6 Bxc6 21. fxe5 Nxc4 22. Qxc4+ Kh8 23. exf6 Qxg3 24. Nd5 Bd6 25. Re2 Qh2+ 26. Kf1 Qe5 27. Rf2 Rab8 28. Nb6 Qxb2 29. Qf7 Bf8 30. Rfd2 Rxd2 31. Rxd2 Qxb6 32. e5 Qb4 33. Bd5 Qf4+ 34. Rf2 Qc1+ 35. Kg2 Qg5+ 36. Kf1 Bxd5 37. Qxd5 Re8 38. Re2 Qf5+ 39. Kg2 Qe6 40. Qxe6 Rxe6 41. Kf3 Kg8 42. Ke4 Kf7 43. c4 Bd6 44. Kd5 Bc7 45. Re1 b6 46. Re2 g5 47. Re1 h5 48. Re2 Rxe5+ 49. Rxe5 Bxe5 50. Kxe5 g4 51. hxg4 hxg4 0-1

[Event "Lueneburger Schachfestival GM 2019"]
[Site "Lueneburg"]
[Date "2019.08.03"]
[Round "2.1"]
[White "Reuker, Jari"]
[Black "Polster, Christian"]
[Result "1-0"]
[ECO "A13"]
[WhiteElo "2403"]
[BlackElo "2254"]
[Annotator "NA"]
[PlyCount "75"]
[EventDate "2019.08.02"]
[EventType "tourn"]
[EventCountry "GER"]
[SourceTitle "playchess.com"]
[Source "ChessBase"]
[SourceQuality "1"]
[TimeControl "40/5400+30:1800+30"]

1. c4 e6 2. g3 Nf6 3. Bg2 d5 4. Nf3 c6 5. b3 Bd6 6. Bb2 Nbd7 7. O-O e5 8. Nh4 Nf8 9. cxd5 cxd5 10. Nc3 Be6 11. Nf3 d4 12. Nb5 Bb8 13. e3 Qb6 14. Na3 dxe3 15. fxe3 N8d7 16. Ng5 Bg4 17. Qc2 O-O 18. Nc4 Qa6 19. Nxe5 Bxe5 20. Bxe5 Nxe5 21. Rxf6 Qd3 22. Qxd3 Nxd3 23. Rd6 Rad8 24. Rxd8 Rxd8 25. Bxb7 f6 26. Ne4 Bf5 27. Nc3 Nb4 28. Rf1 Bh3 29. Rf4 a5 30. Rd4 Rb8 31. Bd5+ Kf8 32. Be4 g6 33. Rc4 Be6 34. Rc7 f5 35. Bb1 Rd8 36. d4 Nd5 37. Nxd5 Bxd5 38. Bd3 1-0

[Event "Lueneburger Schachfestival GM 2019"]
[Site "Lueneburg"]
[Date "2019.08.03"]
[Round "2.2"]
[White "Vorobiov, Evgeny E."]
[Black "Korley, Kassa"]
[Result "1/2-1/2"]
[ECO "B15"]
[WhiteElo "2578"]
[BlackElo "2437"]
[Annotator "ChessBase"]
[PlyCount "56"]
[EventDate "2019.08.02"]
[EventType "tourn"]
[EventCountry "GER"]
[SourceTitle "playchess.com"]
[Source "ChessBase"]
[SourceQuality "1"]
[TimeControl "40/5400+30:1800+30"]

1. e4 c6 2. Nc3 d5 3. Nf3 g6 4. d4 Bg7 5. h3 Nf6 6. e5 Ne4 7. Nxe4 dxe4 8. Ng5 c5 9. d5 Bxe5 10. Nxe4 Bf5 11. Ng3 Bxg3 12. fxg3 O-O 13. Bh6 Qd6 14. Qf3 Qe5+ 15. Be2 Qxb2 16. O-O Qd4+ 17. Kh2 Nd7 18. Rad1 Qe5 19. Bxf8 Rxf8 20. Bd3 Bxd3 21. Rxd3 Qd6 22. Re3 Ne5 23. Qe2 f6 24. c4 a6 25. Rf4 b5 26. cxb5 axb5 27. Qxb5 Rb8 28. Qe2 Qxd5 1/2-1/2

[Event "Lueneburger Schachfestival GM 2019"]
[Site "Lueneburg"]
[Date "2019.08.03"]
[Round "2.3"]
[White "Koellner, Ruben Gideon"]
[Black "Wachinger, Nikolas"]
[Result "1-0"]
[ECO "D02"]
[WhiteElo "2315"]
[BlackElo "2318"]
[Annotator "NA"]
[PlyCount "87"]
[EventDate "2019.08.02"]
[EventType "tourn"]
[EventCountry "GER"]
[SourceTitle "playchess.com"]
[Source "ChessBase"]
[SourceQuality "1"]
[TimeControl "40/5400+30:1800+30"]

1. d4 Nf6 2. Bf4 d5 3. e3 c5 4. c3 Nc6 5. Nd2 e6 6. Ngf3 cxd4 7. exd4 Nh5 8. Be3 Bd6 9. Ne5 g6 10. Nd3 Ng7 11. g3 b6 12. Bg2 Nf5 13. O-O O-O 14. Bf4 Ba6 15. Bxd6 Nxd6 16. Qf3 Qg5 17. Rfd1 Qf5 18. Nf4 g5 19. Nh5 Qxf3 20. Nxf3 Ne4 21. Ne5 Nxe5 22. Bxe4 Be2 23. Nf6+ Kg7 24. Re1 Nf3+ 25. Bxf3 Bxf3 26. Nd7 Rfc8 27. Ne5 Be4 28. f3 Bf5 29. g4 Bc2 30. Re2 Ba4 31. Kf2 a5 32. h4 Bb5 33. Rd2 h6 34. Ke3 Be8 35. Rh1 f6 36. Nd3 Bg6 37. f4 Bxd3 38. Rxd3 Rh8 39. Rd2 h5 40. fxg5 fxg5 41. Rg2 Kg6 42. Rhg1 hxg4 43. Rxg4 Rxh4 44. Rxh4 1-0

[Event "Lueneburger Schachfestival GM 2019"]
[Site "Lueneburg"]
[Date "2019.08.03"]
[Round "2.4"]
[White "Ovsejevitsch, Sergei"]
[Black "Parvanyan, Ashot"]
[Result "1-0"]
[ECO "E92"]
[WhiteElo "2590"]
[BlackElo "2423"]
[Annotator "ChessBase"]
[PlyCount "65"]
[EventDate "2019.08.02"]
[EventType "tourn"]
[EventCountry "GER"]
[SourceTitle "playchess.com"]
[Source "ChessBase"]
[SourceQuality "1"]
[TimeControl "40/5400+30:1800+30"]

1. Nf3 Nf6 2. c4 g6 3. Nc3 Bg7 4. e4 d6 5. d4 O-O 6. Be2 e5 7. d5 a5 8. g3 Na6 9. Bg5 Nc5 10. Nd2 h6 11. Be3 Ne8 12. g4 c6 13. O-O Bd7 14. Kh1 Kh7 15. Rg1 Rc8 16. b3 Bf6 17. a3 cxd5 18. Nxd5 Bg5 19. b4 Bxe3 20. fxe3 Ne6 21. Nb1 Ng5 22. Nbc3 f5 23. gxf5 gxf5 24. exf5 Bxf5 25. Bg4 Qd7 26. Bxf5+ Qxf5 27. Qg4 Nh3 28. Qxf5+ Rxf5 29. Rg3 Rh5 30. Ne4 Rh4 31. Rf1 Ng7 32. Rf7 Ng5 33. Nxg5+ 1-0

[Event "Lueneburger Schachfestival GM 2019"]
[Site "Lueneburg"]
[Date "2019.08.03"]
[Round "2.5"]
[White "Sriram, Jha"]
[Black "Pajeken, Jakob Leon"]
[Result "1/2-1/2"]
[ECO "A07"]
[WhiteElo "2381"]
[BlackElo "2314"]
[Annotator "NA"]
[PlyCount "53"]
[EventDate "2019.08.02"]
[EventType "tourn"]
[EventCountry "GER"]
[SourceTitle "playchess.com"]
[Source "ChessBase"]
[SourceQuality "1"]
[TimeControl "40/5400+30:1800+30"]

1. Nf3 d5 2. g3 Nf6 3. Bg2 e6 4. O-O Nbd7 5. d3 b5 6. e4 dxe4 7. dxe4 Bb7 8. e5 Nd5 9. Qe2 a6 10. a4 c5 11. axb5 axb5 12. Rxa8 Qxa8 13. Qxb5 Ba6 14. Qa5 Nb4 15. Rd1 Bb7 16. Qxa8+ Bxa8 17. c3 Nc6 18. Na3 Na5 19. Bf4 h6 20. h4 Be7 21. Nb5 Bxf3 22. Bxf3 g5 23. Ra1 gxf4 24. Rxa5 Nxe5 25. Ra8+ Bd8 26. Kg2 O-O 27. Be2 1/2-1/2

[Event "Lueneburger Schachfestival GM 2019"]
[Site "Lueneburg"]
[Date "2019.08.04"]
[Round "3.1"]
[White "Pajeken, Jakob Leon"]
[Black "Reuker, Jari"]
[Result "1/2-1/2"]
[ECO "E14"]
[WhiteElo "2314"]
[BlackElo "2403"]
[Annotator "NA"]
[PlyCount "213"]
[EventDate "2019.08.02"]
[EventType "tourn"]
[EventCountry "GER"]
[SourceTitle "playchess.com"]
[Source "ChessBase"]
[SourceQuality "1"]
[TimeControl "40/5400+30:1800+30"]

1. d4 Nf6 2. Nf3 d5 3. c4 e6 4. e3 b6 5. Nc3 Bb7 6. cxd5 exd5 7. Bb5+ c6 8. Bd3 Bd6 9. O-O {[%emt 0:00:26] E14: Queen's Indian: Classical Variation (4 e3)} O-O 10. e4 (10. b3 Nbd7 11. Qe2 Qe7 12. Bb2 a6 13. Nd2 c5 14. a3 Rfe8 15. Nf3 Ne4 16. Bc2 Nxc3 17. Bxc3 {½-½ (45) Fedoseev,V (2706)-Maletin,P (2572) Sochi 2018}) 10... dxe4 11. Nxe4 Nxe4 12. Bxe4 Nd7 13. Bg5 Qc7 14. Rc1 h6 15. Bh4 Bf4 {[%emt 0:00:35] [#]} 16. Bg3 $146 ({Predecessor:} 16. Rc3 c5 17. Re1 Rfe8 18. Bxb7 Qxb7 19. Bg3 Bxg3 20. hxg3 Qd5 {½-½ (20) Levin,F (2503)-Mons,L (2464) Germany 2015}) 16... Bxg3 17. hxg3 c5 18. Bb1 a5 19. Qd3 Nf6 20. Qf5 Bc8 21. Qc2 c4 22. b3 b5 23. Rfd1 Bb7 24. bxc4 bxc4 25. Qxc4 Qxc4 26. Rxc4 Bd5 27. Rc5 Rfd8 28. Ne5 Kf8 29. Nc4 Bxc4 30. Rxc4 Rab8 31. Bc2 Rb2 32. Bb3 Rd7 33. f3 Ke7 34. Rc8 Ra7 35. Re1+ Kd6 36. Rd8+ Rd7 37. Rxd7+ Kxd7 38. Re5 Rd2 39. Rxa5 Rxd4 40. Ra7+ Kd6 41. Rxf7 Nh5 42. Kh2 Ke5 43. Re7+ Kd6 44. Ra7 Rd2 45. Ra6+ Ke7 46. Ra5 g5 47. f4 Kf6 48. Ra6+ Kg7 49. Ra7+ Kh8 50. fxg5 hxg5 51. Ra5 Kg7 52. Rxg5+ {[%emt 0:00:00] Double Attack} Kh6 53. Rd5 Rb2 54. Rd4 Nf6 55. g4 Kg5 56. Kg3 Re2 57. Kf3 Re1 58. Bc4 Rc1 59. Be2 Rc3+ 60. Rd3 Rc2 61. Ra3 Nxg4 $18 62. Ra5+ Kf6 63. Kxg4 Rxe2 64. Kf3 Rc2 65. Ra4 Kg5 66. Ra8 Kf6 67. g4 Kg5 68. Ra5+ Kf6 69. Kf4 Rc4+ 70. Kg3 Rc2 71. Rf5+ Kg6 72. Rf2 Rc1 73. Re2 Kg5 74. Re5+ Kf6 75. Rf5+ Kg6 76. Ra5 Rc2 77. a4 Ra2 78. Kf3 Ra1 79. Kf4 Rf1+ 80. Ke5 Rg1 81. Ra8 Kh6 82. Kf6 Rf1+ 83. Ke6 Rf4 84. a5 Rxg4 85. Kd5 Rg5+ 86. Ke6 Kg7 87. a6 Rg6+ 88. Kd7 Rf6 89. Ke7 Rf7+ 90. Ke6 Rf6+ 91. Ke5 Rb6 92. Ra7+ Kg6 93. Ke4 Re6+ 94. Kd5 Rf6 95. Ke5 Rb6 96. Kd5 Rf6 97. Ra8 Kg7 98. Ke4 Re6+ 99. Kd4 Rf6 100. Kd5 Rf5+ 101. Ke4 Rf6 102. Ra7+ Kg6 103. Kd5 Rf5+ 104. Ke6 Rf6+ 105. Ke5 Rb6 106. Ra8 Kg7 107. Ke4 1/2-1/2

[Event "Lueneburger Schachfestival GM 2019"]
[Site "Lueneburg"]
[Date "2019.08.04"]
[Round "3.2"]
[White "Parvanyan, Ashot"]
[Black "Sriram, Jha"]
[Result "1/2-1/2"]
[ECO "D73"]
[WhiteElo "2423"]
[BlackElo "2381"]
[Annotator "ChessBase"]
[PlyCount "47"]
[EventDate "2019.08.02"]
[EventType "tourn"]
[EventCountry "GER"]
[SourceTitle "playchess.com"]
[Source "ChessBase"]
[SourceQuality "1"]
[TimeControl "40/5400+30:1800+30"]

1. Nf3 d5 2. d4 Nf6 3. c4 c6 4. g3 g6 5. Bg2 Bg7 6. O-O dxc4 7. a4 Ne4 8. Qc2 Nd6 9. e4 Na6 10. Na3 Nb4 11. Qe2 Nd3 12. Rd1 O-O 13. e5 Nxc1 14. Raxc1 Nf5 15. g4 Nh6 16. h3 Qa5 17. Nxc4 Qxa4 18. Ra1 Qb4 19. Qc2 Be6 20. Ra4 Qb5 21. Nfd2 Rfd8 22. Ra5 Qb4 23. Ra4 Qb5 24. Ra5 1/2-1/2

[Event "Lueneburger Schachfestival GM 2019"]
[Site "Lueneburg"]
[Date "2019.08.04"]
[Round "3.3"]
[White "Wachinger, Nikolas"]
[Black "Ovsejevitsch, Sergei"]
[Result "0-1"]
[ECO "A21"]
[WhiteElo "2318"]
[BlackElo "2590"]
[Annotator "ChessBase"]
[PlyCount "70"]
[EventDate "2019.08.02"]
[EventType "tourn"]
[EventCountry "GER"]
[SourceTitle "playchess.com"]
[Source "ChessBase"]
[SourceQuality "1"]
[TimeControl "40/5400+30:1800+30"]

1. c4 e5 2. Nc3 Bb4 3. Nd5 Bc5 4. e3 c6 5. d4 cxd5 6. dxc5 Qa5+ 7. Qd2 Qxc5 8. b4 Qe7 9. cxd5 Nf6 10. d6 Qe6 11. Ba3 O-O 12. Rc1 b6 13. Bc4 Qg4 14. f3 Qg6 15. Bb2 Nc6 16. b5 Na5 17. Bxe5 Nxc4 18. Rxc4 Re8 19. Bxf6 Qxf6 20. Ne2 a6 21. O-O axb5 22. Rf4 Qg5 23. Ng3 Re5 24. Ne4 Rd5 25. Qc3 Qe5 26. Qc7 Qe8 27. Rc1 f5 28. Nf2 Qxe3 29. g3 Bb7 30. Kg2 Rd2 31. Rf1 Bc6 32. a3 h6 33. Rxf5 Kh7 34. Kg1 Rxa3 35. Qd8 Ra1 0-1

[Event "Lueneburger Schachfestival GM 2019"]
[Site "Lueneburg"]
[Date "2019.08.04"]
[Round "3.4"]
[White "Korley, Kassa"]
[Black "Koellner, Ruben Gideon"]
[Result "1-0"]
[ECO "A46"]
[WhiteElo "2437"]
[BlackElo "2315"]
[Annotator "ChessBase"]
[PlyCount "120"]
[EventDate "2019.08.02"]
[EventType "tourn"]
[EventCountry "GER"]
[SourceTitle "playchess.com"]
[Source "ChessBase"]
[SourceQuality "1"]
[TimeControl "40/5400+30:1800+30"]

1. d4 Nf6 2. Nf3 e6 3. g3 d5 4. Bg2 b5 5. O-O Nbd7 6. b3 Bb7 7. Nbd2 b4 8. a3 a5 9. Bb2 Be7 10. Ne5 Nxe5 11. dxe5 Nd7 12. axb4 axb4 13. f4 f5 14. exf6 Bxf6 15. Bxf6 Qxf6 16. Rxa8+ Bxa8 17. Qa1 O-O 18. Qxf6 gxf6 19. Ra1 Bb7 20. Ra7 Nc5 21. Ra5 Na6 22. f5 Kf7 23. e4 c6 24. fxe6+ Kxe6 25. exd5+ cxd5 26. Rb5 Rb8 27. Rb6+ Ke7 28. Bf1 Nc5 29. Rxb4 Rc8 30. Rh4 Rh8 31. Bg2 Kd6 32. Rh6 Nd7 33. Bh3 Bc8 34. Kf2 Ke7 35. Nf3 Ne5 36. Bxc8 Rxc8 37. Rxh7+ Kd6 38. Nd4 Nc6 39. Nf5+ Ke5 40. Rh5 Ke6 41. Ke3 Ne5 42. Nd4+ Kf7 43. Kd2 Kg6 44. Rf5 Rh8 45. h4 Kf7 46. Ne2 Ke6 47. Rf4 Rg8 48. Ra4 Kf5 49. Ra5 Ke4 50. Ra4+ Kf5 51. Rf4+ Ke6 52. h5 Rg5 53. Rf1 Nf7 54. Nf4+ Kd6 55. Ng6 Ke6 56. Nf8+ Ke7 57. Nh7 Rxh5 58. Nxf6 Rh2+ 59. Kc1 Ke6 60. Nxd5 Kxd5 1-0

[Event "Lueneburger Schachfestival GM 2019"]
[Site "Lueneburg"]
[Date "2019.08.04"]
[Round "3.5"]
[White "Polster, Christian"]
[Black "Vorobiov, Evgeny E."]
[Result "0-1"]
[ECO "A48"]
[WhiteElo "2254"]
[BlackElo "2578"]
[Annotator "ChessBase"]
[PlyCount "48"]
[EventDate "2019.08.02"]
[EventType "tourn"]
[EventCountry "GER"]
[SourceTitle "playchess.com"]
[Source "ChessBase"]
[SourceQuality "1"]
[TimeControl "40/5400+30:1800+30"]

1. d4 Nf6 2. Nf3 g6 3. Bf4 Bg7 4. e3 d6 5. h3 O-O 6. Be2 b6 7. O-O Bb7 8. c4 c5 9. Nc3 cxd4 10. exd4 d5 11. Rc1 dxc4 12. Bxc4 Nc6 13. a3 Rc8 14. d5 Nb4 15. d6 Rxc4 16. dxe7 Qxe7 17. Bd6 Bxf3 18. gxf3 Qe6 19. Bxf8 Bxf8 20. Re1 Qxh3 21. Ne4 Rxe4 22. Rxe4 Nxe4 23. fxe4 Nd3 24. Rc3 Qh1+ 0-1

[Event "Lueneburger Schachfestival GM 2019"]
[Site "Lueneburg"]
[Date "2019.08.05"]
[Round "4.2"]
[White "Koellner, Ruben Gideon"]
[Black "Polster, Christian"]
[Result "1/2-1/2"]
[ECO "D02"]
[WhiteElo "2315"]
[BlackElo "2254"]
[Annotator "ChessBase"]
[PlyCount "96"]
[EventDate "2019.08.02"]
[EventType "tourn"]
[EventCountry "GER"]
[SourceTitle "playchess.com"]
[Source "ChessBase"]
[SourceQuality "1"]
[TimeControl "40/5400+30:1800+30"]

1. d4 e6 2. Bf4 Nf6 3. e3 c5 4. Nd2 d5 5. c3 Nc6 6. Ngf3 Be7 7. Bd3 O-O 8. Ne5 Qb6 9. Rb1 Rd8 10. Qf3 Bd7 11. g4 Be8 12. Qh3 g6 13. Ndf3 cxd4 14. exd4 Nxe5 15. Nxe5 Nd7 16. Qe3 Nxe5 17. Bxe5 f6 18. Bg3 Bf7 19. h4 e5 20. dxe5 d4 21. cxd4 Qxd4 22. Qxd4 Rxd4 23. Be2 Bxa2 24. Rc1 Bd5 25. O-O fxe5 26. Rfd1 Bc6 27. Bxe5 Re4 28. Re1 Bb4 29. Bc3 Bxc3 30. Rxc3 Rae8 31. Bc4+ Kg7 32. Rxe4 Rxe4 33. f3 Rd4 34. b3 h5 35. Be2 Rd2 36. Re3 hxg4 37. fxg4 Rb2 38. Bf3 Bxf3 39. Rxf3 b5 40. h5 a5 41. hxg6 b4 42. Rf5 Ra2 43. Rb5 Kxg6 44. g5 Rb2 45. Rxa5 Rxb3 46. Rb5 Rg3+ 47. Kf2 Rxg5 48. Rxb4 Rf5+ 1/2-1/2

[Event "Lueneburger Schachfestival GM 2019"]
[Site "Lueneburg"]
[Date "2019.08.05"]
[Round "4.4"]
[White "Sriram, Jha"]
[Black "Wachinger, Nikolas"]
[Result "1/2-1/2"]
[ECO "E14"]
[WhiteElo "2381"]
[BlackElo "2318"]
[Annotator "ChessBase"]
[PlyCount "27"]
[EventDate "2019.08.02"]
[EventType "tourn"]
[EventCountry "GER"]
[SourceTitle "playchess.com"]
[Source "ChessBase"]
[SourceQuality "1"]
[TimeControl "40/5400+30:1800+30"]

1. Nf3 d5 2. d4 Nf6 3. c4 e6 4. e3 b6 5. Nc3 Bb7 6. cxd5 exd5 7. Bb5+ c6 8. Bd3 Bd6 9. O-O Nbd7 10. e4 Nxe4 11. Nxe4 dxe4 12. Bxe4 O-O 13. Bg5 Be7 14. Bxe7 1/2-1/2

[Event "Lueneburger Schachfestival GM 2019"]
[Site "Lueneburg"]
[Date "2019.08.06"]
[Round "5.1"]
[White "Parvanyan, Ashot"]
[Black "Reuker, Jari"]
[Result "1-0"]
[ECO "E05"]
[WhiteElo "2423"]
[BlackElo "2403"]
[Annotator "NA"]
[PlyCount "88"]
[EventDate "2019.08.02"]
[EventType "tourn"]
[EventCountry "GER"]
[SourceTitle "playchess.com"]
[Source "ChessBase"]
[SourceQuality "1"]
[TimeControl "40/5400+30:1800+30"]

1. Nf3 d5 2. d4 Nf6 3. c4 e6 4. g3 Be7 5. Bg2 O-O 6. O-O dxc4 7. Qc2 b6 8. Bg5 $11 Nd5 9. Bxe7 Qxe7 10. Qxc4 Ba6 11. Qc2 Nd7 12. Nc3 Nxc3 13. bxc3 c5 14. Ne5 Rac8 15. Nc6 Qd6 16. Qa4 Bxe2 17. Rfe1 Bh5 18. Nxa7 Rce8 19. Qc6 Qxc6 20. Nxc6 Bg6 21. d5 exd5 22. Ne7+ Kh8 23. Nxg6+ hxg6 24. Bxd5 Kg8 25. Bc6 Rd8 26. Rab1 Nb8 27. Bb5 Rd6 28. Rbd1 Rf6 29. g4 Rc8 30. g5 Rf5 31. Rd6 Rxg5+ 32. Kf1 c4 33. Rxb6 Rgc5 34. Re8+ Rxe8 35. Bxe8 Rc8 36. Bb5 Kf8 37. a4 Ke7 38. a5 Rd8 39. a6 Nxa6 40. Rxa6 Rd3 41. Ra3 Rh3 42. Kg2 Rh4 43. Ra4 Kd6 44. Rxc4 Kd5 1-0

[Event "Lueneburger Schachfestival GM 2019"]
[Site "Lueneburg"]
[Date "2019.08.06"]
[Round "5.2"]
[White "Wachinger, Nikolas"]
[Black "Pajeken, Jakob Leon"]
[Result "1/2-1/2"]
[ECO "C68"]
[WhiteElo "2318"]
[BlackElo "2314"]
[Annotator "NA"]
[PlyCount "152"]
[EventDate "2019.08.02"]
[EventType "tourn"]
[EventCountry "GER"]
[SourceTitle "playchess.com"]
[Source "ChessBase"]
[SourceQuality "1"]
[TimeControl "40/5400+30:1800+30"]

1. e4 e5 2. Nf3 Nc6 3. Bb5 a6 4. Bxc6 dxc6 5. O-O Qf6 6. d3 Bd6 7. d4 Bg4 8. Nbd2 O-O-O 9. h3 Bxf3 10. Nxf3 h6 11. Nxe5 Bxe5 12. Qg4+ Kb8 13. dxe5 Qxe5 14. Bf4 Qe7 15. e5 g5 16. Rad1 f5 17. Rxd8+ Qxd8 18. Qd1 Ne7 19. Bc1 Qd5 20. Qxd5 cxd5 21. f4 Rg8 22. Kh2 g4 23. hxg4 Rxg4 24. Be3 b6 25. b4 Kc8 26. c3 Kd7 27. a4 h5 28. g3 Ng6 29. b5 a5 30. Rd1 Ke6 31. Rd4 h4 32. Bf2 hxg3+ 33. Bxg3 Ne7 34. Kg2 Rg8 35. Kf3 Rc8 36. Bh4 c6 37. Bxe7 Kxe7 38. c4 dxc4 39. Rxc4 c5 40. Rc1 c4 41. Ke3 Rc7 42. Rc2 Ke6 43. Kd4 Rd7+ 44. Kxc4 Rd1 45. Rh2 Rc1+ 46. Kd3 Rd1+ 47. Ke3 Re1+ 48. Kf2 Re4 49. Kg3 Re3+ 50. Kf2 Re4 51. Kf3 Rxa4 52. Rd2 Ra3+ 53. Kg2 Rb3 54. Rd6+ Ke7 55. Rxb6 Kd7 56. Rf6 Rxb5 57. Rxf5 Rb3 58. Rf6 a4 59. Ra6 a3 60. Kf2 Rc3 61. Ke2 Rb3 62. Kf2 Rc3 63. Kg2 Rb3 64. f5 Rb5 65. e6+ Ke7 66. Ra7+ Kd6 67. e7 Rb8 68. Kf3 Ke5 69. Ra5+ Kf6 70. Kg4 Kxe7 71. Kg5 Rg8+ 72. Kf4 Rb8 73. Ra6 a2 74. Kg5 Rg8+ 75. Kf4 Rb8 76. Rxa2 Rb6 1/2-1/2

[Event "Lueneburger Schachfestival GM 2019"]
[Site "Lueneburg"]
[Date "2019.08.06"]
[Round "5.3"]
[White "Korley, Kassa"]
[Black "Sriram, Jha"]
[Result "1/2-1/2"]
[ECO "D90"]
[WhiteElo "2437"]
[BlackElo "2381"]
[Annotator "NA"]
[PlyCount "166"]
[EventDate "2019.08.02"]
[EventType "tourn"]
[EventCountry "GER"]
[SourceTitle "playchess.com"]
[Source "ChessBase"]
[SourceQuality "1"]
[TimeControl "40/5400+30:1800+30"]

1. d4 d5 2. Nf3 Nf6 3. c4 c6 4. Nc3 g6 5. cxd5 cxd5 6. Bf4 Nc6 7. e3 Bg7 8. Be2 O-O 9. O-O Nh5 10. Be5 f6 11. Bg3 Nxg3 12. hxg3 Be6 13. Rc1 Rc8 14. a3 Bf7 15. Qb3 Qd7 16. Rfd1 Rfd8 17. Na4 Na5 18. Qb4 Nc6 19. Qb5 b6 20. Nc3 Na5 21. Qxd7 Rxd7 22. Ba6 Rcd8 23. Nb5 e5 24. Rc3 e4 25. Nd2 Bf8 26. Rdc1 Nc4 27. Nxc4 dxc4 28. R3c2 f5 29. Nc3 Rb8 30. Bb5 Rc7 31. Nd1 Kg7 32. a4 Bb4 33. Nc3 h5 34. Na2 Bd6 35. Ba6 Kf6 36. Rc3 Be8 37. Bb5 Bxb5 38. axb5 Rbc8 39. R3c2 Ke6 40. Kf1 Kd5 41. Ke2 Ke6 42. Ra1 Ra8 43. Nc3 Bb4 44. Ra4 Bxc3 45. Rxc3 Kd5 46. Rca3 g5 47. Ra6 Rb7 48. Kd2 f4 49. gxf4 gxf4 50. exf4 Kxd4 51. Rh3 Rg8 52. g3 Rh7 53. Ra1 e3+ 54. fxe3+ Ke4 55. Ke2 h4 56. Rd1 Rxg3 57. Rd4+ Kf5 58. Rxg3 hxg3 59. Kf3 Rh2 60. Rd6 Rf2+ 61. Kxg3 Rxb2 62. Kf3 Rb3 63. Rc6 Rc3 64. Rc7 Ke6 65. Rxa7 Rb3 66. Rc7 Kd5 67. f5 Ke5 68. Kg4 Rxb5 69. Rxc4 Rb1 70. Kg5 Rg1+ 71. Rg4 Rf1 72. e4 b5 73. Kg6 b4 74. Rg3 Rf4 75. Kg7 Kxe4 76. f6 Kd4 77. f7 Kc4 78. Rg6 b3 79. Rc6+ Kd4 80. Rb6 Kc3 81. f8=Q Rxf8 82. Kxf8 b2 83. Rxb2 Kxb2 1/2-1/2

[Event "Lueneburger Schachfestival GM 2019"]
[Site "Lueneburg"]
[Date "2019.08.06"]
[Round "5.4"]
[White "Polster, Christian"]
[Black "Ovsejevitsch, Sergei"]
[Result "0-1"]
[ECO "D02"]
[WhiteElo "2254"]
[BlackElo "2590"]
[Annotator "ChessBase"]
[PlyCount "57"]
[EventDate "2019.08.02"]
[EventType "tourn"]
[EventCountry "GER"]
[SourceTitle "playchess.com"]
[Source "ChessBase"]
[SourceQuality "1"]
[TimeControl "40/5400+30:1800+30"]

1. d4 Nf6 2. Bf4 d5 3. e3 c5 4. Nf3 e6 5. Nbd2 Bd6 6. Bg3 O-O 7. dxc5 Bxc5 8. Bd3 Nc6 9. O-O Be7 10. Ne5 Nxe5 11. Bxe5 Nd7 12. Bg3 Nc5 13. Be2 Bf6 14. Rb1 e5 15. c4 Bf5 16. Rc1 d4 17. exd4 Qxd4 18. b4 Rfd8 19. bxc5 Qxd2 20. Qxd2 Rxd2 21. Rfe1 Rc8 22. Bf3 Rxc5 23. Bxb7 Be6 24. h3 h5 25. a4 h4 26. Bh2 Ra2 27. Bd5 Bxd5 28. cxd5 Rxd5 29. Rc4 0-1